 Dungeon Crawl Stone Soup version 0.28-a0-1613-gdaab1c2f9b (webtiles) character file.

Game seed: 11552549890998553629

57 murtidash the Chopper (level 3, -3/31 HPs)
             Began as a Minotaur Warper on Jan 21, 2022.
             Slain by Crazy Yiuf (11 damage)
             ... on level 2 of the Dungeon.
             The game lasted 00:02:14 (1789 turns).

murtidash the Chopper (Minotaur Warper)             Turns: 1789, Time: 00:02:15

Health: -3/31      AC:  4    Str: 25    XL:     3   Next: 73%
Magic:  4/4        EV: 11    Int: 10    God:
Gold:   69         SH:  0    Dex:  7    Spells: 4/4 levels left

rFire   . . .      SeeInvis .   a - +0 hand axe
rCold   . . .      Faith    .   (no shield)
rNeg    + + +      Spirit   .   b - +0 leather armour
rPois   .          Reflect  .   (helmet restricted)
rElec   .          Harm     .   n - +0 cloak of the King of the Hill {rN+++ Will- Str+8 Dex-2}
rCorr   .          Rampage  .   (no gloves)
Will    .....                   (no boots)
Stlth   +.........              (no amulet)
HPRegen 0.10/turn               (no ring)
MPRegen 0.09/turn               (no ring)

@: no status effects
A: horns 2, retaliatory headbutt
a: no special abilities


You were on level 2 of the Dungeon.
You visited 1 branch of the dungeon, and saw 2 of its levels.

You collected 69 gold pieces.

Inventory:

Hand Weapons
 a - a +0 hand axe (weapon)
Missiles
 d - 5 boomerangs of dispersal {=f}
 j - 4 boomerangs
Armour
 b - a +0 leather armour (worn)
 n - the +0 cloak of the King of the Hill (worn) {rN+++ Will- Str+8 Dex-2}
   (You found it on level 2 of the Dungeon)

   Str:       It affects your strength (+8).
   Dex:       It affects your dexterity (-2).
   rN:        It renders you almost immune to negative energy.
   Will:      It decreases your willpower.
Magical Staves
 o - a staff of death {rN+}
   (You found it on level 2 of the Dungeon)
Scrolls
 c - 2 scrolls of blinking {!r}
 e - a scroll of fear {unknown}
 f - 3 scrolls of identify {unknown}
 i - a scroll of immolation {unknown}
 l - 2 scrolls of teleportation {unknown}
Potions
 g - a potion of cancellation {unknown}
 h - a potion of magic {unknown}
 k - a potion of heal wounds {unknown}
 m - a potion of haste {unknown}


   Skills:
 + Level 3.4 Fighting
 + Level 3.5 Axes
 - Level 1.0 Throwing
 + Level 2.6 Armour
 - Level 2.1 Dodging
 - Level 1.3 Spellcasting
 - Level 2.1 Translocations


You had 4 spell levels left.
You didn't know any spells.
Your spell library contained the following spells:

 Spells                   Type           Power      Damage    Failure   Level
 Blink                    Tloc           10%        N/A       22%         2
 Beastly Appendage        Tmut           0%         N/A       36%         1
 Gell's Gravitas          Tloc           5%         N/A       41%         3
 Lesser Beckoning         Tloc           5%         N/A       41%         3
 Teleport Other           Tloc           5%         N/A       41%         3
 Wereblood                Tmut           0%         N/A       50%         2
 Spider Form              Tmut/Pois      0%         N/A       73%         3
 Manifold Assault         Tloc           5%         N/A       99%         5


Dungeon Overview and Level Annotations

Branches:
Dungeon (2/15)

Altars:

Shops:
D:1 *

Annotations:
D:2 Crazy Yiuf


Innate Abilities, Weirdness & Mutations

You have a pair of horns on your head.
You reflexively headbutt those who attack you in melee.


Message History

You are too injured to fight recklessly!
You are too injured to fight recklessly!
You are too injured to fight recklessly!
You are too injured to fight recklessly!
You are too injured to fight recklessly!
You are too injured to fight recklessly!
You are too injured to fight recklessly!
You are too injured to fight recklessly!
You are too injured to fight recklessly!
You are too injured to fight recklessly!
You are too injured to fight recklessly!
You barely miss the quokka. The quokka bites you.
You take 2 damage, and have 14/31 hp.
You barely miss the quokka. Your headbutt misses the quokka.
The quokka bites you. x2
You take 3 damage, and have 11/31 hp.
You closely miss the quokka. The quokka barely misses you.
You hit the quokka. The quokka barely misses you.
You barely miss the quokka.
The quokka bites you but does no damage.
The quokka barely misses you.
You hit the quokka.
You kill the quokka!
Found a stone staircase leading up.
Health restored: 31
n - the +0 cloak of the King of the Hill {rN+++ Will- Str+8 Dex-2} You start putting on your armour.
You continue putting on the +0 cloak of the King of the Hill {rN+++ Will- Str+8 Dex-2}. x4
You finish putting on the +0 cloak of the King of the Hill {rN+++ Will- Str+8 Dex-2}.
You feel stronger.
You feel clumsy.
A rat comes into view.
No target in view!
No target in view!
No target in view!
No target in view!
No target in view!
No target in view!
No target in view!
No target in view!
No target in view!
No target in view!
No target in view!
No target in view!
No target in view!
No target in view!
No target in view!
No target in view!
No target in view!
A goblin comes into view. It is wielding a +0 club.
The goblin shouts!
You barely miss the rat. Your punch misses the rat. The rat bites you. x2
You take 2 damage, and have 29/31 hp.
You hit the rat.
You kill the rat!
The goblin unwields a +0 club.
The goblin wields a +0 hunting sling.
The goblin shoots a stone.
The stone hits you.
You take 6 damage, and have 23/31 hp.
You hit the goblin. Your headbutt misses the goblin.
The goblin unwields a +0 hunting sling.
The goblin wields a +0 club.
The goblin hits you but does no damage.
You hit the goblin.
You kill the goblin!
No target in view!
No target in view!
No target in view!
No target in view!
No target in view!
No target in view!
No target in view!
No target in view!
No target in view!
No target in view!
No target in view!
No target in view!
No target in view!
No target in view!
No target in view!
No target in view!
No target in view!
No target in view!
Unknown command.
Unknown command.
Items here: ( )) †.
Health restored: 31
o - a staff of death {rN+} You see here 15 bolts.
l - 2 scrolls labelled DUF RIUMEMA (gained 1) Crazy Yiuf shouts!
Crazy Yiuf grits, "Fluff King mobile!"
You open the door. You closely miss Crazy Yiuf.
Crazy Yiuf hits you with a +3 quarterstaff of chaos!
Crazy Yiuf burns you.
You take 12 damage, and have 19/31 hp.
MASSIVE DAMAGE!!
You hit Crazy Yiuf. You headbutt Crazy Yiuf!
Crazy Yiuf hits you with a +3 quarterstaff of chaos!
* * * LOW HITPOINT WARNING * * *
Space warps horribly around you!
You die...

....# #....# #...#
###### ....# ....#
#..##
##[.######♣♣♣♣♣
##....#.#..♣.♣♣♣ ###
##.........♣..♣#...#
#........♣♣♣♣@g...#
####.....#.♣♣
♣♣#..)# #.......##♣♣
### ..##....#
.###...<# ## #....#
######


You could see Crazy Yiuf.

Vanquished Creatures
  An adder (D:2)
  A dart slug (D:2)
  3 bats
  4 endoplasms
  A giant cockroach (D:1)
  5 goblins
  5 hobgoblins
  4 jackals (D:1)
  2 quokkas
  4 ball pythons
  3 frilled lizards (D:1)
  3 kobolds (D:1)
  5 rats
41 creatures vanquished.

Notes
Turn   | Place    | Note
-------+----------+-------------------------------------------
     0 | D:1      | murtidash the Minotaur Warper began the quest for the Orb.
     0 | D:1      | Reached XP level 1. HP: 18/18 MP: 1/1
   373 | D:1      | Reached XP level 2. HP: 24/25 MP: 3/3
   443 | D:1      | Found Ceos's General Store.
   628 | D:1      | Reached skill level 3 in Fighting
   628 | D:1      | Reached skill level 3 in Axes
   690 | D:1      | Reached skill level 2 in Armour
   932 | D:2      | Reached XP level 3. HP: 31/31 MP: 4/4
  1566 | D:2      | Identified the +0 cloak of the King of the Hill {rN+++
                  | Will- Str+8 Dex-2}
  1783 | D:2      | Found a runed translucent door.
  1784 | D:2      | Noticed Crazy Yiuf
  1789 | D:2      | Slain by Crazy Yiuf

Illustrated notes

Levels and vault maps discovered:
D:1:      dpeg_arrival_water_temple_mockup, layout_basic, serial_shops, shop
D:2:      layout_rooms, kennysheep_minor_cross, uniq_crazy_yiuf_cottage

Skill      XL: |  1  2 |
---------------+-------+-----
Fighting       | 3 |  3.4
Axes           | 3 |  3.5
Armour         | 2 |  2.6
Throwing       | |  1.0
Dodging        | |  2.1
Spellcasting   | |  1.3
Translocations | |  2.1

Action                   || total
-------------------------++-------
Melee: Hand axe          ||    91
       Headbutt          ||     6
Armor: Leather armour    ||    37
Dodge: Dodged            ||    67

Table legend: (Time is in decaauts)
 A = Elapsed time spent in this place.
 B = Non-inter-level travel time spent in this place.
 C = Inter-level travel time spent in this place.
 D = Time resting spent in this place.
 E = Time spent auto-exploring this place.
 F = Levels seen in this place.
 G = Mean time per level.
                   A        B        C        D        E       F      G
               +--------+--------+--------+--------+--------+-----+--------+
         Total |   1802 |   1788 |     14 |      0 |   1561 |   2 |  901.0 |
       Dungeon |   1802 |   1788 |     14 |      0 |   1561 |   2 |  901.0 |
               +--------+--------+--------+--------+--------+-----+--------+

Top non-repeatable levels by time:
     D:1: 926 daAuts
     D:2: 875 daAuts

Table legend:
 A = Kills in this place as a percentage of kills in entire the game.
 B = Kills by you in this place as a percentage of kills by you in the entire game.
 C = Kills by friends in this place as a percentage of kills by friends in the entire game.
 D = Other kills in this place as a percentage of other kills in the entire game.
 E = Experience gained in this place as a percentage of experience gained in the entire game.
 F = Experience gained in this place divided by the number of levels of this place that you have seen.
                   A       B       C       D       E      F
               +-------+-------+-------+-------+-------+----------------------
         Total | 100.0 | 100.0 |   N/A |   N/A | 100.0 |  41.0
       Dungeon | 100.0 | 100.0 |   N/A |   N/A | 100.0 |  41.0
               +-------+-------+-------+-------+-------+----------------------
